Map: Apotheosis LE

Players

MarineLorD - Winner!

  • Race: Terran Terran
  • League: Master

Stephano

  • Race: Zerg Zerg
  • League: Master

Event: DreamHack ZOWIE Open Valencia 2016

VOD

Have the link to the VOD?

Description

Time

  • Played on: July 15, 2016, 3:21 p.m.
  • Length: 12:06

All games in this series

Show
View Real Time Build Order
Export as new Build Order

MarineLorD Terran - Winner!

Build Orders:  

Get SALT Encoding   

  12  0:01  SCV  
  13  0:13  SCV  
  14  0:18  Supply Depot  
  14  0:27  Refinery  
  14  0:47  Barracks  
  14  0:55  SCV  
  15  1:03  Barracks  
  15  1:08  SCV  
  16  1:20  SCV  
  17  1:33  Orbital Command  
  17  1:34  Reaper  
  18  1:45  Supply Depot  
  18  1:50  Reaper  
  19  2:01  SCV  
  20  2:06  Reaper  
  21  2:08  Bunker  
  21  2:13  SCV  
  23  2:22  Reaper  
  23  2:25  SCV  
  22  2:37  SCV  
  22  2:38  Reaper  
  24  2:49  SCV  
  24  2:51  Command Center  
  25  2:54  Reaper  
  26  3:04  Refinery  
  26  3:05  SCV  
  27  3:07  Supply Depot  
  27  3:10  Reaper  
  28  3:17  SCV  
  29  3:27  Reaper  
  30  3:29  SCV  
  31  3:41  SCV  
  31  3:50  Reaper  
  31  3:53  SCV  
  32  3:56  Command Center  
  32  4:02  Reaper  
  33  4:05  SCV  
  34  4:10  Factory  
  34  4:12  Orbital Command  
  34  4:17  SCV  
  35  4:29  SCV  
  36  4:32  Orbital Command  
  35  4:41  SCV  
  35  4:42  Barracks  
  36  4:53  SCV  
  36  4:59  Factory Tech Lab, Starport  
  36  5:04  SCV  
  36  5:05  SCV  
  38  5:08  Orbital Command  
  38  5:17  Starport  
  38  5:18  SCV x2  
  40  5:28  Bunker  
  40  5:30  SCV x2  
  40  5:31  Barracks Tech Lab  
  40  5:33  Factory Tech Lab  
  42  5:39  SCV  
  42  5:42  SCV x2  
  45  5:48  Banshee, Cloaking Field  
  48  5:51  SCV  
  48  5:52  Marine  
  48  5:53  Supply Depot  
  48  5:54  SCV  
  48  5:55  SCV  
  52  6:02  Supply Depot, Refinery  
  52  6:04  Refinery, Factory Reactor  
  52  6:06  SCV, Marine x2  
  52  6:07  Supply Depot  
  52  6:10  Marine  
  56  6:11  SCV x2  
  56  6:14  Banshee  
  62  6:18  SCV  
  62  6:23  SCV  
  62  6:25  SCV  
  66  6:27  Supply Depot  
  66  6:30  Banshee, Barracks Reactor  
  66  6:31  Marine  
  69  6:32  SCV  
  69  6:39  SCV  
  70  6:42  Barracks Reactor  
  70  6:44  Barracks  
  70  6:45  SCV  
  70  6:47  Barracks  
  70  6:48  Orbital Command  
  70  6:52  Widow Mine x2  
  74  6:56  Marine  
  74  6:57  Banshee, SCV  
  74  6:58  SCV  
  80  7:06  Supply Depot  
  80  7:07  Supply Depot  
  76  7:08  Marine  
  76  7:09  Marine, SCV  
  76  7:13  SCV, Banshee  
  83  7:17  SCV  
  83  7:21  SCV  
  85  7:24  Engineering Bay  
  85  7:25  Engineering Bay  
  85  7:30  Supply Depot  
  85  7:32  Supply Depot  
  85  7:33  SCV  
  85  7:34  Supply Depot, Barracks Tech Lab  
  85  7:35  Barracks Reactor  
  85  7:36  Widow Mine x2  
  90  7:42  SCV  
  91  7:44  SCV  
  91  7:45  SCV  
  91  7:46  Marine x3, Marauder  
  98  7:54  SCV  
  98  7:56  Banshee  
  98  7:57  SCV x2  
  104  8:01  Marine, Marauder  
  104  8:04  Marine, Banshee  
  110  8:07  Marine x2  
  110  8:08  Marine  
  110  8:09  SCV  
  114  8:19  Marine  
  115  8:23  Marine x3, Marauder  
  115  8:26  Marauder  
  122  8:33  Marine x2  
  124  8:38  Banshee  
  124  8:42  Marine x2  
  124  8:44  Marauder  
  124  8:45  Marine x2  
  124  8:47  Banshee  
  128  8:49  Marauder  
  128  8:51  Marine  
  126  9:01  Marine x2  
  117  9:03  Terran Infantry Weapons Level 1  
  117  9:05  Terran Infantry Armor Level 1, Marine, Barracks  
  117  9:06  Marine, Armory, Barracks  
  117  9:07  Barracks  
  117  9:08  Marine  
  117  9:15  Marine x2  
  114  9:19  Widow Mine x2  
  114  9:23  Starport  
  120  9:24  Marine  
  120  9:25  Command Center  
  120  9:26  Marine  
  120  9:30  Medivac x2  
  123  9:36  Marauder  
  123  9:37  Marine x2  
  125  9:40  Supply Depot, Marine x2  
  125  9:43  Supply Depot  
  125  9:44  Marine  
  127  9:46  Marine  
  127  9:48  Combat Shields, Stimpack  
  127  9:49  Marine  
  127  9:52  Marine  
  126  9:54  Marine  
  126  9:55  Marine x2  
  126  9:56  Marine  
  127  10:03  Marine x2  
  127  10:06  Supply Depot x2  
  127  10:07  Terran Ship Weapons Level 1  
  127  10:12  SCV x2  
  129  10:14  SCV  
  129  10:17  Marine x2  
  129  10:19  Factory Reactor  
  132  10:24  SCV  
  132  10:25  Medivac x2  
  132  10:26  SCV  
  132  10:27  SCV  
  139  10:31  Medivac  
  141  10:36  SCV  
  141  10:38  SCV  
  141  10:39  Marine, Marauder, SCV  
  141  10:40  Marine x3  
  141  10:41  Marine  
  151  10:44  Marine x2  
  151  10:45  Marine  
  151  10:46  Marine  
  151  10:48  SCV, Marauder  
  158  10:50  SCV  
Show
View Real Time Build Order
Export as new Build Order

Stephano Zerg 

Build Orders: Hatch First 

Get SALT Encoding   

  12  0:00  Drone  
  13  0:13  Overlord  
  13  0:17  Drone  
  14  0:31  Drone x2  
  17  0:35  Drone  
  17  0:52  Hatchery  
  17  0:55  Drone  
  17  0:58  Drone  
  18  1:08  Extractor  
  17  1:13  Spawning Pool  
  17  1:16  Drone  
  17  1:23  Drone  
  18  1:31  Drone  
  19  1:42  Drone  
  20  2:00  Zergling x2  
  21  2:02  Zergling x2  
  21  2:03  Queen x2  
  21  2:04  Drone  
  21  2:07  Metabolic Boost  
  27  2:13  Zergling x2  
  28  2:19  Roach Warren  
  27  2:28  Zergling x2  
  27  2:31  Overlord  
  27  2:37  Zergling x2  
  26  2:47  Zergling x4  
  28  2:55  Zergling x4  
  29  3:01  Roach x2  
  33  3:08  Roach  
  33  3:20  Zergling x4  
  35  3:31  Drone  
  35  3:32  Drone  
  36  3:36  Overlord  
  33  3:49  Drone  
  33  3:50  Drone x3  
  36  3:55  Queen  
  36  4:01  Queen  
  36  4:11  Ravager x2  
  36  4:12  Zergling x4  
  36  4:13  Zergling x2  
  40  4:31  Drone x3  
  40  4:33  Drone  
  40  4:37  Overlord  
  44  4:52  Roach  
  44  4:59  Drone x3  
  43  5:03  Drone x2  
  43  5:04  Drone  
  46  5:07  Drone x2  
  46  5:10  Extractor  
  46  5:14  Ravager  
  48  5:15  Drone  
  48  5:16  Drone  
  48  5:17  Drone x2  
  52  5:33  Hatchery  
  51  5:39  Overlord  
  51  5:44  Drone  
  51  5:47  Overlord  
  51  5:49  Overlord  
  51  5:56  Overlord, Queen  
  51  6:00  Drone x4  
  51  6:03  Evolution Chamber, Drone  
  57  6:05  Evolution Chamber  
  57  6:06  Drone x3  
  59  6:16  Roach x3  
  65  6:19  Drone x2  
  65  6:25  Lair, Extractor  
  66  6:29  Zerg Missile Weapons Level 1  
  66  6:42  Drone x3  
  66  6:44  Zerg Ground Armor Level 1  
  68  6:47  Drone x3  
  68  6:49  Extractor  
  68  6:50  Ravager  
  68  6:51  Ravager  
  68  6:52  Drone x2  
  68  6:53  Drone x2  
  76  6:59  Queen  
  78  7:06  Overlord  
  78  7:07  Overlord  
  77  7:11  Overlord  
  77  7:21  Overlord  
  77  7:22  Overlord  
  77  7:23  Roach x2  
  77  7:27  Roach x4  
  77  7:29  Glial Reconstitution  
  89  7:38  Overlord  
  89  7:39  Overlord  
  89  7:41  Roach x3  
  89  7:42  Roach  
  97  7:57  Spore Crawler, Overseer  
  92  8:01  Spore Crawler  
  92  8:02  Spore Crawler x2  
  92  8:03  Spore Crawler x2  
  92  8:04  Spore Crawler  
  78  8:07  Roach  
  78  8:12  Spore Crawler  
  76  8:15  Drone x2, Spore Crawler x2  
  76  8:16  Burrow  
  76  8:17  Drone  
  70  8:28  Drone  
  70  8:29  Drone x3  
  70  8:30  Drone x3  
  77  8:36  Spore Crawler  
  76  8:47  Roach x5  
  73  9:02  Roach x3  
  75  9:07  Drone x2  
  71  9:14  Roach x4  
  71  9:28  Roach x3  
  71  9:29  Roach x2  
  81  9:36  Roach x3  
  81  9:47  Roach x4  
  81  9:49  Ravager x2  
  81  9:50  Ravager  
  90  9:57  Drone  
  90  9:58  Drone  
  90  9:59  Drone x3  
  87  10:08  Queen  
  87  10:09  Queen  
  87  10:10  Drone  
  92  10:20  Tunneling Claws  
  96  10:28  Roach x3  

Tags
 
Add a new tag
Caveats
  • Supply blocks, unpowered buildings, or Contaminate may cause inaccurate times.
  • Supply counts are checked every 10 seconds.